 Dungeon Crawl Stone Soup version 0.18-a0-1745-gffa9a88 (webtiles) character file.

297 dobroeutro the Shield-Bearer (level 6, -3/39 HPs)
             Began as a Gargoyle Fighter on Apr 11, 2016.
             Killed from afar by an orc wizard (7 damage)
             ... with a magic dart
             ... on level 4 of the Dungeon.
             The game lasted 00:04:51 (2006 turns).

dobroeutro the Shield-Bearer (Gargoyle Fighter)     Turns: 2006, Time: 00:04:52

Health: -3/39      AC: 12    Str: 21    XL:     6   Next: 35%
Magic:  0/6        EV:  7    Int:  8    God:
Gold:   166        SH: 11    Dex: 10    Spells: 0 memorised, 5 levels left

rFire  . . .     SeeInvis .     v - +0 mace (crush)
rCold  . . .     Gourm    .     b - +0 scale mail
rNeg   + . .     Faith    .     c - +1 shield
rPois  ∞         Spirit   +     (no helmet)
rElec  +         Dismiss  .     t - +0 cloak
rCorr  .         Reflect  .     (no gloves)
SustAt .         Harm     .     (no boots)
MR     .....                    l - amulet of guardian spirit
Stlth  ..........               (no ring)
                                j - ring of loudness

@: not resistant to hostile enchantments, extremely unstealthy
A: negative energy resistance 1, electricity resistance, unbreathing,
petrification resistance, rot immunity, AC +4
a: no special abilities


You were on level 4 of the Dungeon.
You were not hungry.

You visited 1 branch of the dungeon, and saw 4 of its levels.

You collected 166 gold pieces.

Inventory:

Hand Weapons
 v - a +0 mace of crushing (weapon)
Missiles
 r - 3 javelins (quivered)
Armour
 b - a +0 scale mail (worn)
 c - a +1 shield (worn)
 t - a +0 cloak (worn)
Jewellery
 j - a ring of loudness (left hand)
 l - an amulet of guardian spirit (around neck)
 y - a +2 ring of dexterity {unknown}
Wands
 u - a wand of hasting (4/9)
Scrolls
 e - 2 scrolls of identify
 g - a scroll of fear {unknown}
 m - a scroll of remove curse
 n - 2 scrolls of enchant armour
 o - a scroll of noise {unknown}
 p - a scroll of fog {unknown}
 q - a scroll of blinking {unknown}
 x - a scroll of immolation {unknown}
Potions
 a - 2 potions of cure mutation {unknown}
 d - a potion of might
 h - 2 potions of curing
 i - a potion of lignification {unknown}
 s - a potion of degeneration {unknown}
Comestibles
 f - 5 bread rations
 k - 3 meat rations
 w - a beef jerky


   Skills:
 + Level 4.6 Fighting
 + Level 3.2 Maces & Flails
 + Level 4.8 Armour
 + Level 5.0 Shields


You had 5 spell levels left.
You didn't know any spells.

Dungeon Overview and Level Annotations

Branches:
Dungeon (4/15)
 Temple: D:4-7

Altars:


Innate Abilities, Weirdness & Mutations

You are resistant to torment.
Your stone body is resilient (AC +4).
You are immune to poison.
You resist negative energy.
You are resistant to electric shocks.
You can survive without breathing.
You are immune to petrification.
You are immune to rotting.


Message History

You block the orc wizard's attack. You block the orc's attack.
The orc wizard casts a spell.
The orc wizard blinks!
You barely miss the orc wizard.
The orc wizard is severely wounded.
The orc wizard mumbles some strange words.
The orc wizard blinks!
The orc barely misses you.
The orc wizard gestures at you while chanting.
The magic dart hits you!
* * * LOW HITPOINT WARNING * * *
You closely miss the orc wizard.
The orc wizard is severely wounded.
The orc wizard points at you and mumbles some strange words.
The magic dart hits you!
* * * LOW HITPOINT WARNING * * *
The orc hits you with a club.
* * * LOW HITPOINT WARNING * * *
The orc wizard gestures at you while chanting.
The magic dart hits you!
You die...

#(# #.# #.# #.#
#.#
#######.#######
..............#
########.####o#
#.####@###o#
#.#...§oo.o# .##
##.#.##.##### ..#
#.......# ..# ###
#.......# ..#
.......##.#.##
..##.####.......#
......###.......#
.......##........


You could see an orc wizard and 3 orcs.

Vanquished Creatures
  2 scorpions (D:4)
  Crazy Yiuf (D:3)
  An orc priest (D:4)
  An iguana (D:4)
  A worker ant (D:3)
  2 adders (D:2)
  2 worms (D:2)
  A dart slug (D:4)
  3 orcs
  6 bats
  7 goblins
  5 hobgoblins
  3 jackals (D:1)
  10 kobolds
  3 quokkas
  2 ball pythons (D:2)
  4 giant newts
  7 rats
61 creatures vanquished.

Notes
Turn   | Place    | Note
--------------------------------------------------------------
     0 | D:1      | dobroeutro the Gargoyle Fighter began the quest for the Orb.
     0 | D:1      | Reached XP level 1. HP: 14/14 MP: 1/1
   112 | D:1      | Reached XP level 2. HP: 10/19 MP: 2/2
   477 | D:2      | Reached XP level 3. HP: 20/23 MP: 3/3
   643 | D:2      | Reached skill level 4 in Shields
   812 | D:2      | Reached XP level 4. HP: 17/29 MP: 2/4
  1347 | D:3      | Noticed Crazy Yiuf
  1354 | D:3      | Killed Crazy Yiuf
  1354 | D:3      | Reached XP level 5. HP: 10/33 MP: 0/5
  1841 | D:4      | Reached XP level 6. HP: 27/39 MP: 3/6
  1854 | D:4      | Reached skill level 5 in Shields
  2006 | D:4      | Killed from afar by an orc wizard

Vault maps used:
D:1:      saegor_arrival_simple_c, serial_bayou_ford_a
D:2:      first_bread, grunt_ministairs_9
D:3:      uniq_crazy_yiuf_cottage
D:4:      uniq_duvessa

Skill      XL: |  1  2  3  4  5  6 |
---------------+-------------------+-----
Shields        | 4 5 |  5.0
Fighting       | 4 |  4.6
Armour         | 4 |  4.8
Maces & Flails | 3 |  3.2

Action                   |  1- 3 |  4- 6 || total
-------------------------+-------+-------++-------
Melee: Flail             |   195 |    58 ||   253
       Mace              |       |    62 ||    62
  Use: Scroll            |       |     3 ||     3
  Eat: Chunk             |       |     4 ||     4
